 Dungeon Crawl Stone Soup version 0.30-a0-800-g7c544603b3 (webtiles) character file.

Game seed: 12676700883100961351

56437 cforsyth the Acrobat (level 15, -5/109 HPs)
             Began as a Kobold Brigand on Feb 22, 2023.
             Was the Champion of Dithmenos.
             Slain by a catoblepas (20 damage)
             ... on level 5 of the Lair of Beasts.
             The game lasted 00:57:56 (22145 turns).

cforsyth the Acrobat (Kobold Brigand)              Turns: 22145, Time: 00:57:57

Health: -5/109     AC: 19    Str: 13    XL:     15   Next: 22%
Magic:  15/15      EV: 19    Int: 13    God:    Dithmenos [******]
Gold:   2011       SH:  0    Dex: 34    Spells: 14/14 levels left

rFire   + + .      SeeInvis .    b - +6 falchion of Foeruep {flame, rN+}
rCold   . . .      Faith    .    (no shield)
rNeg    + . .      Spirit   .    D - +7 plate armour of a Labyrinth {rPois Str+4 Dex+5 Stlth+}
rPois   +          Reflect  .    X - +2 helmet of Atheism {Will+}
rElec   .          Harm     .    c - +1 cloak
rCorr   .          Rampage  .    (no gloves)
Will    ++...                    (no boots)
Stlth   +++++++                  S - amulet of the acrobat
HPRegen 0.38/turn                K - +6 ring of dexterity
MPRegen 0.14/turn                f - ring of protection from fire

@: about to teleport, wreathed by umbra, studying Dodging
A: small, no large weapons, nightstalker 3, talons 1, deformed body, fire
resistance 1
a: Renounce Religion, Shadow Step, Shadow Form


You were on level 5 of the Lair of Beasts.
You worshipped Dithmenos.
Dithmenos was exalted by your worship.
You visited 3 branches of the dungeon, and saw 18 of its levels.
You also visited: Bailey and Gauntlet.

You collected 2687 gold pieces.
You spent 676 gold pieces at shops.

Inventory:

Hand Weapons
 a - the +2 quick blade of Debt {drain, Will+ Int-4 Stlth+}
   (You acquired it on level 7 of the Dungeon)

   Int:       It affects your intelligence (-4).
   Will:      It increases your willpower.
   Stlth:     It makes you more stealthy.
 b - the +6 falchion of Foeruep (weapon) {flame, rN+}
   (You found it on level 2 of the Lair of Beasts)

   rN:        It protects you from negative energy.
 i - a +3 quick blade of draining
 Y - a +1 long sword of holy wrath
Missiles
 d - 60 poisoned darts (quivered)
 e - 7 curare-tipped darts
 w - 2 silver boomerangs
 M - a throwing net
Armour
 c - a +1 cloak (worn)
 v - a +1 leather armour of poison resistance
 D - the +7 plate armour of a Labyrinth (worn) {rPois Str+4 Dex+5 Stlth+}
   (You found it in a bailey)

   Str:       It affects your strength (+4).
   Dex:       It affects your dexterity (+5).
   rPois:     It protects you from poison.
   Stlth:     It makes you more stealthy.
 H - a +2 helmet of intelligence
 X - the +2 helmet of Atheism (worn) {Will+}
   (You found it on level 10 of the Dungeon)

   Will:      It increases your willpower.
Jewellery
 f - a ring of protection from fire (right hand)
 p - a +4 ring of protection
 t - a ring of poison resistance
 u - a ring of see invisible
 A - the ring of Illutw Ubee {rF- rCorr Int+5 Stlth+}
   (You found it in a Gauntlet)

   [ring of resist corrosion]

   Int:       It affects your intelligence (+5).
   rF:        It makes you vulnerable to fire.
   rCorr:     It protects you from acid and corrosion.
   Stlth:     It makes you more stealthy.
 B - a ring of magical power
 K - a +6 ring of dexterity (left hand)
 P - an amulet of reflection
 R - an amulet of magic regeneration
 S - an amulet of the acrobat (around neck)
 U - a ring of wizardry
Wands
 l - a wand of flame (10)
 o - a wand of charming (29)
 s - a wand of iceblast (25)
 W - a wand of digging (12)
Scrolls
 g - 6 scrolls of teleportation
 m - 2 scrolls of vulnerability
 q - a scroll of fog
 r - a scroll of fear
 x - 6 scrolls of enchant weapon
 y - 4 scrolls of immolation
 G - 3 scrolls of enchant armour
 I - 2 scrolls of blinking
 J - 5 scrolls of poison
 T - a scroll of butterflies
 Z - 2 scrolls of magic mapping
Potions
 h - 3 potions of lignification
 j - 2 potions of ambrosia
 k - 2 potions of invisibility
 n - 2 potions of magic
 z - 4 potions of brilliance
 C - 3 potions of haste
 E - 2 potions of cancellation
 F - 2 potions of heal wounds
 N - 4 potions of mutation
 O - 2 potions of curing
 Q - 2 potions of flight
 V - 2 potions of berserk rage


   Skills:
 + Level 18.3 Fighting
 - Level 8.0(10.6) Short Blades
 + Level 7.1(7.9) Long Blades
 - Level 2.1 Throwing
 - Level 3.8 Armour
 + Level 21.0 Dodging
 - Level 13.5 Stealth
 + Level 4.5 Shields


You had 14 spell levels left.
You didn't know any spells.
Your spell library contained the following spells:

 Spells                   Type           Power      Damage    Failure   Level
 Apportation              Tloc           0%         N/A       100%        1
 Slow                     Hex            0%         N/A       100%        1
 Summon Small Mammal      Summ           0%         N/A       100%        1
 Ensorcelled Hibernation  Hex/Ice        0%         N/A       100%        2
 Passwall                 Tmut/Erth      0%         N/A       100%        2
 Call Canine Familiar     Summ           0%         N/A       100%        3
 Confusing Touch          Hex            0%         N/A       100%        3
 Dazzling Flash           Conj/Hex       0%         N/A       100%        3
 Frozen Ramparts          Ice            0%         1d1       100%        3
 Inner Flame              Hex/Fire       0%         N/A       100%        3
 Summon Guardian Golem    Hex/Summ       0%         N/A       100%        3
 Swiftness                Air            0%         N/A       100%        3
 Vampiric Draining        Necr           0%         2d6       100%        3
 Cause Fear               Hex            0%         N/A       100%        4
 Ice Form                 Ice/Tmut       0%         N/A       100%        4
 Iskenderun's Mystic Bla  Conj/Tloc      0%         2d3       100%        4
 Summon Ice Beast         Ice/Summ       0%         N/A       100%        4
 Alistair's Intoxication  Tmut/Pois      0%         N/A       100%        5
 Starburst                Conj/Fire      0%         6d3       100%        6
 Orb of Destruction       Conj           0%         9d5       100%        7
 Spellforged Servitor     Conj/Summ      0%         N/A       100%        7
 Discord                  Hex            0%         N/A       100%        8


Dungeon Overview and Level Annotations

Branches:
Dungeon (12/15)            Temple (1/1) D:4            Lair (5/5) D:11
  Swamp (0/4) Lair:3       Spider (0/4) Lair:3        Slime (0/5) Lair:4
    Orc (0/2) D:11         Bailey (visited)         Gauntlet (visited)

Altars:
Ashenzari
Dithmenos
Fedhas
Gozag
Hepliaklqana
Kikubaaqudgha
Makhleb
Nemelex Xobeh
Okawaru
Ru
Uskayaw
Vehumet
Yredelemnul
Zin
Jiyva

Shops:
D:2 *   D:7 *=!?   D:10 (   D:11 ?

Portals:
Trove: D:12 (give 14 scrolls of teleportation)


Innate Abilities, Weirdness & Mutations

You are small and have problems with some larger weapons.
You are completely attuned to the shadows.
You have sharp toenails.
Armour fits poorly on your strangely shaped body.
Your flesh is heat resistant. (rF+)


Message History

The six-headed hydra closely misses you.
The six-headed hydra completely misses you.
The catoblepas breathes a plume of calcifying dust at you.
The blast of calcifying dust hits you but does no damage.
The six-headed hydra attacks as you move away!
The six-headed hydra bites you but does no damage.
The six-headed hydra misses you.
The six-headed hydra barely misses you. x2
The six-headed hydra misses you. The six-headed hydra barely misses you.
The catoblepas gores you but does no damage.
As you read the scroll of fear, it crumbles to dust.
You assume a fearsome visage.
The six-headed hydra looks frightened!
The catoblepas easily resists.
The six-headed hydra is engulfed in calcifying dust.
The six-headed hydra is moving more slowly.
The catoblepas breathes a plume of calcifying dust at you.
The blast of calcifying dust hits you.
* * * LOW HITPOINT WARNING * * *
You hit the catoblepas. You burn the catoblepas. You claw the catoblepas.
The catoblepas is lightly wounded.
Your shadow hits the catoblepas with a falchion.
You hit the catoblepas but do no damage.
You claw the catoblepas, but do no damage.
The catoblepas is lightly wounded.
The six-headed hydra stops moving altogether!
The catoblepas gores you.
* * * LOW HITPOINT WARNING * * *
You slash the catoblepas! You burn the catoblepas! You claw the catoblepas.
The catoblepas is heavily wounded.
The catoblepas breathes a plume of calcifying dust at you.
The blast of calcifying dust hits you!
* * * LOW HITPOINT WARNING * * *
The catoblepas closely misses you.
As you read the scroll of teleportation, it crumbles to dust.
You feel strangely unstable.
The six-headed hydra seems to regain its courage.
The catoblepas gores you.
* * * LOW HITPOINT WARNING * * *
The catoblepas attacks as you move away!
The catoblepas gores you!!
You die...

#.†.##
##.†.#
##..##
##††.###
.#....#.#
........#
.~~~~....#
~~≈≈D....#
≈≈≈~@..##
≈≈≈~Y§## #
≈≈~..§§#
##
≈~~......
.##
≈~.......#
..#
..........
###
P.#......


You could see a catoblepas and a six-headed hydra (petrified, fleeing).

Vanquished Creatures
  The ghost of Jeuts the Severer, a journeyman MiFi of Okawaru (Lair:3)
  A minotaur (Gauntlet)
  Josephine (Lair:4)
  7 hydras
  A great orb of eyes (Gauntlet)
  A boulder beetle (Lair:4)
  A catoblepas (Lair:5)
  3 death yaks (Lair:5)
  4 two-headed ogres
  Nergalle (D:12)
  Urug (D:11)
  Amaemon (Lair:3)
  3 lindwurms
  3 deep elf pyromancers (D:12)
  A manticore (D:12)
  3 ugly things
  8 elephants
  7 black mambas
  Joseph (D:9)
  A torpor snail (Lair:2)
  An orange demon (Lair:3)
  13 cane toads
  3 gargoyles
  4 rime drakes
  A kobold demonologist (D:12)
  Psyche (D:8)
  7 komodo dragons
  3 trolls
  A tyrant leech (Lair:3)
  Grinder (D:3)
  3 polar bears
  22 blink frogs
  6 dream sheep
  A shadow (D:10)
  A vampire (Bailey)
  5 wraiths
  4 culicivoras (Lair:3)
  10 fire bats
  40 yaks
  2 vampire mosquitoes (D:11)
  3 basilisks
  Grum (D:9)
  4 steam dragons
  2 wargs (D:11)
  A swamp worm (Lair:3)
  2 acid dragons (D:11)
  4 hell hounds
  7 water moccasins
  7 orc warriors
  An ogre (D:4)
  3 black bears
  An ice beast (D:7)
  2 sky beasts (D:7)
  7 wolves
  5 centaurs
  4 phantoms
  3 kobold brigands
  8 bullfrogs
  A gnoll sergeant (D:9)
  A scorpion (D:5)
  4 necrophages
  3 wights (D:8)
  4 killer bees (D:8)
  13 howler monkeys
  8 vampire bats (Bailey)
  4 wolf zombies (Bailey)
  2 lava snakes (D:8)
  A quasit (D:6)
  5 orc priests
  4 jellies
  Ijyb (D:3)
  5 iguanas
  Natasha (thrice) (D:4)
  13 orc wizards
  4 gnolls (D:9)
  7 adders
  2 shadow imps (D:6)
  2 white imps
  2 ufetubi
  4 worms
  2 dart slugs (D:1)
  36 orcs
  8 bats
  8 endoplasms
  11 goblins
  14 hobgoblins
  4 quokkas
  5 ball pythons
  6 frilled lizards
  27 kobolds
  18 orc zombies (Bailey)
  7 rats
  3 fire vortices
486 creatures vanquished.

Vanquished Creatures (others)
  A kobold brigand (D:8)
  A fire vortex (D:8)
  13 fungi
  24 plants
39 creatures vanquished.

Grand Total: 525 creatures vanquished

Notes
Turn   | Place    | Note
-------+----------+-------------------------------------------
     0 | D:1      | cforsyth the Kobold Brigand began the quest for the Orb.
     0 | D:1      | Reached XP level 1. HP: 12/12 MP: 1/1
   104 | D:1      | Reached XP level 2. HP: 18/18 MP: 2/2
   466 | D:1      | Reached XP level 3. HP: 22/22 MP: 3/3
   470 | D:1      | Reached skill level 2 in Dodging
   847 | D:2      | Found Hassatala's General Store.
  1040 | D:2      | Reached XP level 4. HP: 26/27 MP: 4/4
  1765 | D:3      | Noticed Grinder
  1993 | D:3      | Paralysed by Grinder for 4 turns
  2006 | D:3      | Killed Grinder
  2007 | D:3      | Reached skill level 3 in Dodging
  2007 | D:3      | Reached XP level 5. HP: 11/33 MP: 5/5
  2007 | D:3      | Reached XP level 6. HP: 13/38 MP: 6/6
  2789 | D:3      | Noticed Ijyb
  2791 | D:3      | Killed Ijyb
  2897 | D:4      | Noticed Natasha
  2937 | D:4      | Killed Natasha
  2938 | D:4      | Reached skill level 5 in Short Blades
  2938 | D:4      | Reached skill level 4 in Dodging
  2968 | D:4      | Reached XP level 7. HP: 33/43 MP: 7/7
  2997 | D:4      | Noticed Natasha
  3006 | D:4      | Killed Natasha
  3208 | D:4      | Found a staircase to the Ecumenical Temple.
  3214 | Temple   | Entered the Ecumenical Temple
  3269 | Temple   | Became a worshipper of Dithmenos the Shadowed
  3373 | D:4      | Noticed Natasha
  3398 | D:4      | Killed Natasha
  4062 | D:5      | Entered Level 5 of the Dungeon
  4191 | D:5      | Reached XP level 8. HP: 36/47 MP: 8/8
  4366 | D:5      | Reached skill level 5 in Fighting
  4366 | D:5      | Reached skill level 5 in Dodging
  4427 | D:5      | HP: 2/49 [iguana (12)]
  5203 | D:6      | Reached skill level 6 in Dodging
  5597 | D:6      | Reached XP level 9. HP: 55/55 MP: 9/9
  5743 | D:6      | You fall into a shaft and drop 1 floor!
  5750 | D:7      | Identified 6 scrolls of acquirement
  5750 | D:7      | Acquired the +2 quick blade of Debt {drain, Will+ Int-4
                  | Stlth+}
  5823 | D:7      | Found Cacuot's Magic Scroll Shop.
  5846 | D:7      | Found Miczin's Jewellery Emporium.
  5866 | D:7      | Found Wiwkuafyk's Distillery.
  5871 | D:7      | Found Ilaicuep's Assorted Antiques.
  5886 | D:7      | Found a sacrificial altar of Ru.
  5921 | D:7      | Found an ancient bone altar of Kikubaaqudgha.
  5921 | D:7      | Identified the +9 long sword of Banellat {holy, Drain rCorr
                  | Str+3 Dex+2}
  5964 | D:7      | Found a flagged portal.
  5971 | Bailey   | Entered a bailey
  6162 | Bailey   | Reached skill level 7 in Dodging
  6211 | Bailey   | Reached * piety under Dithmenos
  6212 | Bailey   | Reached skill level 10 in Stealth
  6494 | Bailey   | Noticed a gargoyle
  6498 | Bailey   | Killed a gargoyle
  6499 | Bailey   | Reached skill level 8 in Dodging
  6566 | Bailey   | Reached XP level 10. HP: 64/64 MP: 10/10
  6570 | Bailey   | Identified the +7 plate armour of a Labyrinth {rPois Str+4
                  | Dex+5 Stlth+}
  7476 | D:8      | Reached ** piety under Dithmenos
  7492 | D:8      | Noticed a two-headed ogre
  7513 | D:8      | Killed a two-headed ogre
  7514 | D:8      | Reached skill level 9 in Dodging
  8154 | D:8      | Noticed Psyche
  8193 | D:8      | Reached *** piety under Dithmenos
  8337 | D:8      | Noticed a two-headed ogre
  8363 | D:7      | Reached skill level 10 in Dodging
  8587 | D:7      | Acquired a manual of Dodging
  8589 | D:7      | Acquired 651 gold pieces
  8590 | D:7      | Acquired a manual of Fighting
  8753 | D:8      | Killed a two-headed ogre
  8754 | D:8      | Reached XP level 11. HP: 50/71 MP: 11/11
  9377 | D:8      | Killed Psyche
  9616 | D:9      | Reached skill level 10 in Fighting
  9848 | D:9      | Reached skill level 11 in Dodging
  9861 | D:9      | Noticed Joseph
  9865 | D:9      | Killed Joseph
  9892 | D:9      | Noticed Grum
  9927 | D:9      | Killed Grum
 10018 | D:9      | Reached skill level 12 in Dodging
 10133 | D:9      | Found an opulent altar of Gozag.
 10157 | D:9      | Noticed a two-headed ogre
 10161 | D:9      | Killed a two-headed ogre
 10316 | D:10     | Entered Level 10 of the Dungeon
 10383 | D:10     | Found Oghain's Antique Weapon Boutique.
 10412 | D:10     | Found a radiant altar of Vehumet.
 10412 | D:10     | Found a sparkling altar of Nemelex Xobeh.
 10412 | D:10     | Found a hazy altar of Hepliaklqana.
 10726 | D:10     | Found a broken altar of Ashenzari.
 10728 | D:10     | Found a basalt altar of Yredelemnul.
 10769 | D:10     | Reached skill level 13 in Dodging
 10871 | D:10     | Identified the +2 helmet of Atheism {Will+}
 11122 | D:11     | Reached **** piety under Dithmenos
 11132 | D:11     | Noticed Urug
 11136 | D:11     | Killed Urug
 11176 | D:11     | Reached skill level 14 in Dodging
 11309 | D:11     | Found a staircase to the Lair.
 11508 | D:11     | Identified the +2 robe of Okawaru's Approval {Archmagi}
 11621 | D:11     | Found Emisex's Magic Scroll Emporium.
 11636 | D:11     | Bought a scroll of acquirement for 676 gold pieces
 11680 | D:11     | Reached XP level 12. HP: 84/84 MP: 12/12
 11983 | D:11     | Found a staircase to the Orcish Mines.
 12038 | D:12     | Noticed a two-headed ogre
 12041 | D:12     | Reached skill level 15 in Dodging
 12055 | D:12     | Killed a two-headed ogre
 12451 | D:12     | Reached skill level 16 in Dodging
 12477 | D:12     | Reached skill level 15 in Fighting
 12559 | D:12     | Noticed Nergalle
 12584 | D:12     | Killed Nergalle
 12763 | D:12     | Reached skill level 17 in Dodging
 12821 | D:12     | Found a portal to a secret trove of treasure.
 13343 | Lair:1   | Entered Level 1 of the Lair of Beasts
 13674 | Lair:1   | Reached skill level 1 in Long Blades
 14333 | Lair:2   | Found a gate leading to a gauntlet.
 14339 | Gauntlet | Entered a Gauntlet
 14339 | Gauntlet | Found a transporter.
 14339 | Gauntlet | Found a transporter.
 14356 | Gauntlet | Found a transporter.
 14364 | Gauntlet | Found a transporter.
 14369 | Gauntlet | Noticed a balrug
 14379 | Gauntlet | Found a transporter.
 14393 | Gauntlet | Found a transporter.
 14398 | Gauntlet | Noticed a quicksilver ooze
 14481 | Gauntlet | Found a transporter.
 14489 | Gauntlet | Found a transporter.
 14495 | Gauntlet | Noticed a reaper
 14511 | Gauntlet | Found a transporter.
 14522 | Gauntlet | Found a transporter.
 14534 | Gauntlet | Noticed a great orb of eyes
 14581 | Gauntlet | Noticed a catoblepas
 14615 | Gauntlet | Found a transporter.
 14626 | Gauntlet | Noticed a hell hog
 14638 | Gauntlet | Found a transporter.
 14647 | Gauntlet | Found a transporter.
 14647 | Gauntlet | Found a transporter.
 14696 | Gauntlet | Found a transporter.
 14727 | Gauntlet | Found a transporter.
 15089 | Gauntlet | Reached XP level 13. HP: 90/95 MP: 13/13
 15094 | Gauntlet | Reached skill level 18 in Dodging
 15190 | Gauntlet | Killed a great orb of eyes
 15191 | Gauntlet | Identified the ring of Illutw Ubee {rF- rCorr Int+5 Stlth+}
 15342 | Gauntlet | Gained mutation: You have sharp toenails. [potion of
                  | mutation]
 15342 | Gauntlet | Gained mutation: Your flesh is heat resistant. (rF+)
                  | [potion of mutation]
 15342 | Gauntlet | Gained mutation: Armour fits poorly on your strangely
                  | shaped body. [potion of mutation]
 15351 | Gauntlet | Noticed a minotaur
 15391 | Gauntlet | Killed a minotaur
 15571 | Lair:2   | Identified the +6 falchion of Foeruep {flame, rN+}
 15773 | Lair:2   | Reached skill level 1 in Armour
 16103 | Lair:2   | Noticed a six-headed hydra
 16114 | Lair:2   | Killed a six-headed hydra
 16376 | Lair:2   | Noticed a seven-headed hydra
 16387 | Lair:2   | Killed a seven-headed hydra
 17141 | Lair:3   | Reached ***** piety under Dithmenos
 17144 | Lair:3   | Found a runed translucent door.
 17188 | Lair:3   | Noticed Amaemon
 17222 | Lair:3   | Killed Amaemon
 17406 | Lair:3   | Noticed an eight-headed hydra
 17406 | Lair:3   | You fall into a shaft and drop 2 floors!
 17406 | Lair:5   | Entered Level 5 of the Lair of Beasts
 17543 | Lair:5   | Reached skill level 19 in Dodging
 17565 | Lair:5   | Reached XP level 14. HP: 83/102 MP: 14/14
 17653 | Lair:5   | Reached skill level 5 in Long Blades
 17753 | Lair:5   | Acquired 526 gold pieces
 17755 | Lair:5   | Acquired a +3 quick blade of draining
 17756 | Lair:5   | Acquired a manual of Dodging
 17848 | Lair:4   | Reached skill level 1 in Shields
 18161 | Lair:4   | Noticed Josephine
 18770 | Lair:3   | Found a hole to the Spider Nest.
 19042 | Lair:3   | Noticed Jeuts's ghost (journeyman MiFi)
 19082 | Lair:3   | Reached skill level 20 in Dodging
 19513 | Lair:3   | Found a staircase to the Swamp.
 19905 | Lair:3   | Killed Jeuts's ghost
 20123 | Lair:4   | Killed Josephine
 20530 | Lair:4   | Found a viscous altar of Jiyva.
 20531 | Lair:4   | Found a staircase to the Slime Pits.
 21298 | Lair:5   | Reached ****** piety under Dithmenos
 21333 | Lair:5   | Reached XP level 15. HP: 84/108 MP: 15/15
 22124 | Lair:5   | Reached skill level 21 in Dodging
 22145 | Lair:5   | Slain by a catoblepas

Illustrated notes

Levels and vault maps discovered:
D:1:      amcnicky_arrival_choice, layout_loops_cross
D:2:      layout_loops_ring, serial_shops, nicolae_shop_stone, minmay_vboxes
D:3:      layout_basic, uniq_ijyb, uniq_grinder
D:4:      layout_basic, minmay_temple_entry_sparse_star, uniq_natasha
D:5:      layout_basic
D:6:      layout_cave_pods, serial_demonic, serial_demonic_d, serial_demonic_f,
          serial_demonic_g, serial_demonic_d, serial_demonic_a
D:7:      layout_cave_pools, lemuel_round_altar, mainiacjoe_overflow_boulevard,
          enter_bailey_2, serial_shops, shop, shop, shop, shop_coins
D:8:      layout_basic, hangedman_incinerator, uniq_psyche
D:9:      layout_loops_ring, nicolae_overflow_hidden_temple, minmay_circle_x,
          uniq_grum, uniq_joseph
D:10:     layout_rooms, gammafunk_temple_overflow_forgotten,
          jmf_multi_god_temple, serial_shops, nicolae_shop_advertising_works
          [nicolae_subvault_shop_adworks], small_statue_intersection
D:11:     layout_rooms, erik_lair_orcish_takeover, david_orc_4, serial_shops,
          shop, uniq_urug
D:12:     layout_rooms, nicolae_trove_entry_columns, uniq_nergalle
Temple:   nicolae_temple_bog_church
Lair:1:   layout_cave_pods
Lair:2:   layout_regular_city, gauntlet_entry_generic, serial_bayou_shore_a
Lair:3:   layout_gridlike, palyth_hydra_swamp_entry,
          hellmonk_spider_entry_life_and_decay, ebering_ghost_reflecting_pool,
          chequers_serial_rivers_small_b, lemuel_fruit_tree, uniq_amaemon
Lair:4:   layout_cave_pods, dpeg_slime_entry_enclosed, nicolae_lair_lindhole,
          uniq_josephine
Lair:5:   cheibrodos_lair_end_hotspot, layout_misc_corridors,
          serial_bayou_shore_b, infiniplex_staircase_pool

Skill      XL: |  1  2  3  4  5  6  7  8  9 10 11 12 13 14 15 |
---------------+----------------------------------------------+-----
Short Blades   | 3 4 5 7 8 |  8.0
Dodging        | 2 3 4 6 8 10 14 17 19 20 21 | 21.0
Stealth        | 6 7 9 11 13 | 13.5
Fighting       | 3 4 6 7 9 13 16 17 18 | 18.3
Long Blades    | 1 4 6 7 |  7.1
Armour         | 3 |  3.8
Shields        | 4 |  4.5
Throwing       | |  2.1

Action                     |  1- 3 |  4- 6 |  7- 9 | 10-12 | 13-15 || total
---------------------------+-------+-------+-------+-------+-------++-------
  Melee: Dagger            |    78 |   143 |   224 |       |       ||   445
         Punch             |       |     1 |     8 |    12 |    22 ||    43
         Quick blade       |       |       |   170 |   920 |  1022 ||  2112
         Kick              |       |       |       |       |   501 ||   501
         Falchion          |       |       |       |       |    75 ||    75
  Throw: Dart              |       |       |       |     6 |       ||     6
  Evoke: Wand              |       |       |     4 |       |       ||     4
    Use: Potion            |       |     2 |     3 |       |     3 ||     8
         Scroll            |       |       |    14 |     8 |    12 ||    34
   Stab: Sleeping          |    24 |    15 |    43 |    61 |    51 ||   194
         Distracted        |       |     1 |     2 |     1 |     2 ||     6
 Armour: Robe              |    11 |    28 |    12 |       |       ||    51
         Leather armour    |       |       |    29 |    47 |     9 ||    85
         Plate armour      |       |       |       |       |   227 ||   227
  Dodge: Dodged            |    33 |    65 |   176 |   458 |   675 ||  1407

Table legend: (Time is in decaauts)
 A = Elapsed time spent in this place.
 B = Non-inter-level travel time spent in this place.
 C = Inter-level travel time spent in this place.
 D = Time resting spent in this place.
 E = Time spent auto-exploring this place.
 F = Levels seen in this place.
 G = Mean time per level.
                   A        B        C        D        E       F      G
               +--------+--------+--------+--------+--------+-----+--------+
         Total |  20601 |  19699 |    902 |   1208 |  14678 |  20 | 1030.1 |
       Dungeon |  11906 |  11162 |    744 |    538 |   8600 |  12 |  992.2 |
        Temple |     80 |     58 |     22 |      0 |     41 |   1 |   80.0 |
          Lair |   6940 |   6806 |    134 |    502 |   5275 |   5 | 1388.0 |
        Bailey |    577 |    577 |      0 |    125 |    232 |   1 |  577.0 |
      Gauntlet |   1096 |   1096 |      0 |     43 |    529 |   1 | 1096.0 |
               +--------+--------+--------+--------+--------+-----+--------+

Top non-repeatable levels by time:
  Lair:3: 2229 daAuts
  Lair:4: 1663 daAuts
     D:8: 1634 daAuts
  Lair:2: 1212 daAuts
     D:4: 1204 daAuts
     D:2: 1127 daAuts
    D:11: 1096 daAuts
Gauntlet: 1096 daAuts
     D:6: 993 daAuts
     D:7: 989 daAuts
  Lair:5: 937 daAuts
    D:12: 914 daAuts
  Lair:1: 898 daAuts
     D:3: 858 daAuts
     D:5: 844 daAuts
